 Dungeon Crawl Stone Soup version 0.29-a0-1016-g236c7fd91e (webtiles) character file.

Game seed: 16473768398320624019

99 Sobieck the Ruffian (level 4, 38/38 HPs)
             Began as a Ghoul Berserker on Aug 9, 2022.
             Was a Believer of Trog.
             Safely got out of the dungeon.
             The game lasted 00:04:54 (2529 turns).

Sobieck the Ruffian (Ghoul Berserker)               Turns: 2529, Time: 00:04:54

Health: 38/38      AC:  7    Str: 21    XL:     4   Next: 72%
Magic:  3/3        EV: 11    Int:  3    God:    Trog [**....]
Gold:   112        SH:  0    Dex: 12    Spells: 3/3 levels left

rFire   . . .      SeeInvis .     - Unarmed
rCold   + . .      Faith    .   (no shield)
rNeg    + + +      Spirit   .   t - +2 ring mail "Moenonoi" {Rampage Dex+4}
rPois   ∞          Reflect  .   (no helmet)
rElec   .          Harm     .   (no cloak)
rCorr   .          Rampage  +   (no gloves)
Will    .....                   (no boots)
Stlth   +.........              (no amulet)
HPRegen 0.12/turn               (no ring)
MPRegen 0.08/turn               (no ring)

@: no status effects
A: claws 1, cold resistance 1, negative energy resistance 3, inhibited
regeneration, torment resistance 2, devour on kill
a: Renounce Religion, Trog's Hand


You escaped.
You worshipped Trog.
Trog was pleased with you.
You visited 1 branch of the dungeon, and saw 3 of its levels.

You collected 138 gold pieces.
You spent 26 gold pieces at shops.


Innate Abilities, Weirdness & Mutations

You are immune to poison.
You have sharp fingernails.
Your flesh is cold resistant. (rC+)
You are immune to negative energy. (rN+++)
You do not regenerate when monsters are visible.
You are immune to unholy pain and torment.
You thrive by killing the living.


   Skills:
 - Level 3.2 Fighting
 + Level 3.3 Armour
 - Level 1.7 Dodging
 + Level 4.7 Unarmed Combat


You had 3 spell levels left.
You didn't know any spells.
Your spell library contained the following spells:

 Spells                   Type           Power      Damage    Failure   Level
 Apportation              Tloc           0%         N/A       69%         1
 Alistair's Intoxication  Tmut/Pois      0%         N/A       100%        5

Inventory:

Missiles
 j - 38 stones (quivered) {throwing}
Armour
 a - a +0 animal skin
 c - a +0 ring mail
   (You found it on level 1 of the Dungeon)
 d - a +0 chain mail
   (You found it on level 1 of the Dungeon)
 e - a +0 leather armour of fire resistance
   (You found it on level 1 of the Dungeon)
 f - a +0 ring mail
   (You found it on level 1 of the Dungeon)
 o - a +0 robe
   (You found it on level 2 of the Dungeon)
 t - the +2 ring mail "Moenonoi" (worn) {Rampage Dex+4}
   (You found it on level 2 of the Dungeon)

   Dex:       It affects your dexterity (+4).
   Rampage:   It bestows one free step when moving towards enemies.
 w - a +0 robe
   (You found it on level 3 of the Dungeon)
 x - a +0 chain mail
   (You found it on level 3 of the Dungeon)
 y - a +0 animal skin
   (You took it off Robin on level 3 of the Dungeon)
 A - a +2 helmet
   (You took it off Robin on level 3 of the Dungeon)
 G - a +0 robe
   (You found it on level 3 of the Dungeon)
 H - a +0 leather armour
   (You found it on level 3 of the Dungeon)
Magical Staves
 h - a staff of air {forbidden!astaff}
   (You found it on level 1 of the Dungeon)
Jewellery
 u - a ring of fire
   (You found it on level 3 of the Dungeon)
Wands
 s - a wand of charming (4)
   (You found it on level 2 of the Dungeon)
 B - a wand of flame (18)
   (You took it off Robin on level 3 of the Dungeon)
Scrolls
 b - a scroll of summoning {unknown}
 i - 3 scrolls of teleportation {unknown}
 k - 2 scrolls of fear {unknown}
 l - a scroll of immolation {unknown}
 n - 2 scrolls of noise {unknown}
 p - a scroll of magic mapping {unknown}
 v - a scroll of poison {unknown}
 D - a scroll of vulnerability {unknown}
 E - a scroll of identify {@r1}
Potions
 g - a potion of cancellation
 m - 2 potions of heal wounds {unknown}
 q - 2 potions of flight {unknown}
 r - 4 potions of curing {unknown}
 z - 2 potions of haste {unknown}
 C - a potion of brilliance {unknown}
 F - a potion of lignification {unknown}

Dungeon Overview and Level Annotations

Branches:
Dungeon (3/15) Zot: 15480

Altars:
Fedhas

Shops:
D:1 ?(??

## #.# #....# .# ##.#
###.## .###..# #.# ......#
#.# ####### #.....# #.#
#.....### #.###.# #######
#.###...# ....#.#####....#
##.##...#
.........##.####♣♣#♣.##..##
#..##..#......#♣@...♣##.##
...###......#.##♣..♣.♣#.#
.#......######.##♣♣#♣.###
...####..######.# ##.#####
.#######....###.###.###..#
........###...#.#.#.# ##.#
######..............# #.# #
#............### #.# #
#..............# ##.#


There were no monsters in sight!


Message History

The ufetubus barely misses you.
You barely miss the ufetubus. The ufetubus barely misses you.
The ufetubus hits you.
You miss the ufetubus.
The ufetubus hits you but does no damage. x2
You claw the ufetubus!
You kill the ufetubus!
Trog accepts your kill.
You scratch the hobgoblin.
You kill the hobgoblin!
Trog accepts your kill.
No target in view!
No target in view!
There is a stone staircase leading up, spattered with blood here.
You see here a hobgoblin corpse.
j - 32 stones {throwing} (gained 5)
Found a stone staircase leading down.
Unknown command.
F - a fizzy dark potion Unknown command.
There is a stone staircase leading down here.
A giant cockroach comes into view.
Danger!
You rampage towards the giant cockroach!
You rampage towards the giant cockroach!
You closely miss the giant cockroach. You claw the giant cockroach.
You kill the giant cockroach!
Trog accepts your kill.
No target in view!
No target in view!
There is a stone staircase leading down here.
As you open the large door, it creaks loudly!
An adder comes into view.
The adder hisses angrily.
A dart slug comes into view.
Danger!
There is a large open door here.
An orc comes into view. It is wielding a +0 flail.
You claw the adder! The adder bites you but does no damage.
You scratch the adder.
You kill the adder!
Trog accepts your kill. The orc hits you but does no damage.
You claw the orc!
You kill the orc!
Trog accepts your kill.
You scratch the dart slug. You scratch the dart slug.
The dart slug launches a dart at you. The slug dart misses you.
You claw the dart slug!
You kill the dart slug!
Trog accepts your kill.
No target in view!
No target in view!
j - 35 stones {throwing} (gained 3)
Things that are here:
a +0 flail {mace}; an orc corpse
G - a +0 robe
Things that are here:
a +0 flail {mace}; an orc corpse
j - 38 stones {throwing} (gained 3)
H - a +0 leather armour
Things that are here:
a +0 flail {mace}; an orc corpse
There is a large open door here.
There is a stone staircase leading up here.
You pick up a book of Party Tricks {forbidden} and begin reading...
You add the spells Apportation and Alistair's Intoxication to your library.
Unknown command.
i - 3 scrolls labelled VIUG KEROKUT (gained 1)
There is a stone staircase leading up here.
An orc comes into view. It is wielding a +0 dagger.
The orc shouts!
Danger!
You rampage towards the orc!
The orc hits you with a +0 dagger.
You closely miss the orc. The orc barely misses you.
You scratch the orc. The orc hits you with a +0 dagger.
You completely miss the orc. The orc hits you but does no damage.
You claw the orc!
You kill the orc!
Trog accepts your kill.
No target in view!
No target in view!
You see here a +0 dagger {short}.
Done exploring.
Done exploring.
Unknown command.
(D) Dungeon
Where to? (Enter - D:2 @ (x,y), ? - help)
What level of the Dungeon? (default 1, ? - help)
There is a stone staircase leading up here.
You climb upwards.
There is a stone staircase leading down here.
There is a stone staircase leading up here.
You climb upwards.
There is a stone staircase leading down here.
There is a staircase leading out of the dungeon here.
Are you sure you want to leave the Dungeon?
This will make you lose the game!
You have escaped!

Skill      XL: |  1  2  3  4 |
---------------+-------------+-----
Armour         | 2 3 |  3.3
Unarmed Combat | 4 |  4.7
Fighting       | |  3.2
Dodging        | |  1.7

Action                   |  1- 3 |  4- 6 || total
-------------------------+-------+-------++-------
Melee: Unarmed           |   111 |    33 ||   144
       Punch             |     2 |     2 ||     4
Throw: Stone             |     5 |       ||     5
  Use: Scroll            |     1 |       ||     1
Armor: Chain mail        |    41 |       ||    41
       Ring mail         |     2 |    16 ||    18
Dodge: Dodged            |    46 |    16 ||    62

Levels and vault maps discovered:
D:1:      pf_arrival_petrified_forest, layout_rooms,
          shapermc_ecumenical_altar_mp_vishouse, serial_shops, shop, shop, shop,
          nicolae_diamond_shop, shop
D:2:      minmay_alternating_diamond, layout_basic, basic_altar,
          minmay_lizard_king
D:3:      layout_loops_cross, kennysheep_generic_room_7, uniq_robin

Notes
Turn   | Place    | Note
-------+----------+-------------------------------------------
     0 | D:1      | Sobieck the Ghoul Berserker began the quest for the Orb.
     0 | D:1      | Reached XP level 1. HP: 19/19 MP: 0/0
   219 | D:1      | Found a faded altar of an unknown god.
   239 | D:1      | Found Gymitz's Magic Scroll Shop.
   239 | D:1      | Found Diaxacki's Antique Weapon Shop.
   263 | D:1      | Reached skill level 2 in Armour
   355 | D:1      | Reached XP level 2. HP: 25/26 MP: 1/1
   358 | D:1      | Found Akyely's Magic Scroll Shop.
   520 | D:1      | Found Rimoteu's Jewellery Shoppe.
   567 | D:1      | Found Luupul's Magic Scroll Boutique.
   575 | D:1      | Bought a scroll of identify for 26 gold pieces
   804 | D:2      | Found a blossoming altar of Fedhas.
  1095 | D:2      | Reached XP level 3. HP: 30/31 MP: 2/2
  1098 | D:2      | Reached ** piety under Trog
  1099 | D:2      | Reached skill level 4 in Unarmed Combat
  1211 | D:2      | Identified the +2 ring mail "Moenonoi" {Rampage Dex+4}
  1741 | D:3      | Reached XP level 4. HP: 38/38 MP: 3/3
  1782 | D:3      | Noticed Robin
  1800 | D:3      | Reached skill level 3 in Armour
  1808 | D:3      | Killed Robin
  2346 | D:3      | You pick up a book of Party Tricks {forbidden} and begin
                  | reading...
  2346 | D:3      | You add the spells Apportation and Alistair's Intoxication
                  | to your library.
  2529 | D:$      | Safely got out of the dungeon.

Vanquished Creatures
  Robin (D:3)
  3 adders (D:3)
  An ufetubus (D:3)
  2 dart slugs
  2 orcs (D:3)
  4 ball pythons
  2 endoplasms (D:2)
  4 giant cockroaches
  5 goblins
  8 hobgoblins
  2 jackals (D:3)
  2 bats (D:2)
  12 frilled lizards
  A kobold (D:1)
  3 rats
52 creatures vanquished.

Vanquished Creatures (others)
  3 plants (D:2)
3 creatures vanquished.

Grand Total: 55 creatures vanquished

Table legend:
 A = Non-vault XP
 B = Vault XP
 C = Vault XP percentage of total XP
 D = Non-vault monster count
 E = Vault monster count
 F = Vault count percentage of total count
                 A         B        C        D         E       F
            +---------+---------+-------+---------+---------+-------
      Total |      82 |      60 |  42.3 |      31 |      21 |  40.4
            +---------+---------+-------+---------+---------+-------
        D:1 |      14 |       0 |   0.0 |       9 |       0 |   0.0
        D:2 |      15 |      19 |  55.9 |      10 |      14 |  58.3
        D:3 |      53 |      41 |  43.6 |      12 |       7 |  36.8
            +---------+---------+-------+---------+---------+-------

Illustrated notes

Table legend:
 A = Kills in this place as a percentage of kills in entire the game.
 B = Kills by you in this place as a percentage of kills by you in the entire game.
 C = Kills by friends in this place as a percentage of kills by friends in the entire game.
 D = Other kills in this place as a percentage of other kills in the entire game.
 E = Experience gained in this place as a percentage of experience gained in the entire game.
 F = Experience gained in this place divided by the number of levels of this place that you have seen.
                   A       B       C       D       E      F
               +-------+-------+-------+-------+-------+----------------------
         Total | 100.0 | 100.0 |   N/A |   N/A | 100.0 |  47.3
       Dungeon | 100.0 | 100.0 |   N/A |   N/A | 100.0 |  47.3
               +-------+-------+-------+-------+-------+----------------------

Table legend: (Time is in decaauts)
 A = Elapsed time spent in this place.
 B = Non-inter-level travel time spent in this place.
 C = Inter-level travel time spent in this place.
 D = Time resting spent in this place.
 E = Time spent auto-exploring this place.
 F = Levels seen in this place.
 G = Mean time per level.
                   A        B        C        D        E       F      G
               +--------+--------+--------+--------+--------+-----+--------+
         Total |   2519 |   2417 |    102 |    183 |   1877 |   3 |  839.7 |
       Dungeon |   2519 |   2417 |    102 |    183 |   1877 |   3 |  839.7 |
               +--------+--------+--------+--------+--------+-----+--------+

Top non-repeatable levels by time:
     D:3: 931 daAuts
     D:2: 838 daAuts
     D:1: 750 daAuts
